 Dungeon Crawl Stone Soup version 0.20-a0-263-g81abdfb (webtiles) character file.

150 Coron the Ruffian (level 5, -1/49 HPs)
             Began as a Deep Dwarf Transmuter on Dec 4, 2016.
             Slain by Bigslacks's ghost (12 damage)
             ... on level 3 of the Dungeon.
             The game lasted 00:12:57 (2891 turns).

Coron the Ruffian (Deep Dwarf Transmuter)           Turns: 2891, Time: 00:12:58

Health: -1/49      AC:  6    Str: 20    XL:     5   Next: 10%
Magic:  5/8        EV: 12    Int: 13    God:
Gold:   99         SH:  0    Dex: 13    Spells: 5/8 levels left

rFire  + . .     SeeInvis .     z - +0 dagger (vamp)
rCold  . . .     Gourm    .     u - +0 leather armour
rNeg   . . .     Faith    .     (no shield)
rPois  .         Spirit   .     (no helmet)
rElec  .         Reflect  .     (no cloak)
rCorr  .         Harm     .     j - +2 pair of gloves
MR     .....                    (boots currently unavailable)
Stlth  +.........               (no amulet)
                                (no ring)
                                s - ring of protection from fire

@: mighty, appendage, non-regenerating
A: damage resistance, recharge devices, talons 3, sense surroundings 1, slow
regeneration 3
a: Device Recharging, End Transformation


You were on level 3 of the Dungeon.
You were hungry.
You had grown temporary talons.
You visited 1 branch of the dungeon, and saw 3 of its levels.

You collected 99 gold pieces.

Inventory:

Hand Weapons
 o - a +0 dagger of protection
 z - a +0 vampiric dagger (weapon)
Missiles
 a - 19 arrows
Armour
 b - a +0 robe
 j - a +2 pair of gloves (worn)
 t - a +0 ring mail
 u - a +0 leather armour (worn)
Jewellery
 s - a ring of protection from fire (left hand)
Wands
 d - a wand of heal wounds (3/9)
 C - a wand of enslavement (0/24)
Scrolls
 g - a scroll of identify
 i - 3 scrolls of remove curse
 m - a scroll of magic mapping {unknown}
 v - a scroll of recharging {unknown}
 x - a scroll of enchant armour {unknown}
 y - a scroll of amnesia {unknown}
 B - a scroll of fog {unknown}
Potions
 e - a potion of curing {unknown}
 k - a potion of might
 l - a potion of heal wounds {unknown}
 n - a potion of ambrosia {unknown}
 q - a potion of brilliance {unknown}
 A - a potion of lignification {unknown}
Books
 c - a book of Changes

   Spells                             Type                      Level
   a - Beastly Appendage              Transmutation                1
   b - Sticks to Snakes               Transmutation                2
   c - Spider Form                    Transmutation/Poison         3
   d - Ice Form                       Ice/Transmutation            4
   e - Blade Hands                    Transmutation                5
Comestibles
 f - 6 bread rations
 h - a meat ration
 p - a beef jerky
 r - 4 fruits
 w - 5 chunks of flesh
 D - a royal jelly


   Skills:
 - Level 3.0 Fighting
 + Level 2.5 Armour
 - Level 2.1 Dodging
 - Level 3.2 Unarmed Combat
 - Level 2.0 Spellcasting
 - Level 2.0 Transmutations


You had 5 spell levels left.
You knew the following spells:

 Your Spells              Type           Power        Failure   Level  Hunger
a - Beastly Appendage     Tmut           #.....       14%         1    ##.....
b - Sticks to Snakes      Tmut           #.......     21%         2    ###....


Dungeon Overview and Level Annotations

Branches:
Dungeon (3/15)

Altars:

Annotations:
D:3 Bigslacks's ghost, amateur OgFi


Innate Abilities, Weirdness & Mutations

You are resistant to damage.
You can recharge devices by infusing magical energy.
You passively map a small area around you.
You do not regenerate.
You have claws for feet.


Message History

Casting: Beastly Appendage
Confirm with . or Enter, or press ? or * to list all spells.
Your feet morph into talons.
The jackal misses you.
Bigslacks's ghost hits you but does no damage.
The jackal bites you but does no damage.
Casting: Beastly Appendage
Confirm with . or Enter, or press ? or * to list all spells.
You create a snake!
You now have 19 arrows.
You are feeling hungry.
Bigslacks's ghost barely misses you. The jackal closely misses you.
Your leather armour prevents you from hitting the jackal.
The jackal misses you.
Bigslacks's ghost laughs, "And you think you're capable of finding the ORB?
I had it, you know.
Then I gave it away so I could steal it AGAIN."
Bigslacks's ghost hits you!
* * * LOW HITPOINT WARNING * * *
Your adder bites the jackal.
You puncture the jackal!
You feel better.
You kill the jackal!
Bigslacks's ghost hits you!
You die...

####.##############.##....
#....##########,.,#.###...
#....##.......#.#,#.# #...
#....##.#####.#.#.#.# ##..
#.#...........h...#.####..
####....##.#.....##,
#......> #......###...S..##
######## #.#.....####h##.#
, *###### #.#........#@##.#
, ...... #.......##.#W##.#
####### ###......#.#.##.#
#.....< #........#.##.#
#.###.. #........#.##.#
#.#<...
#.....##.#.##.#######W##...
#........#.##...).....##...
#......###'######....###.##
####'#.##............# #.*


You could see Bigslacks's ghost, a jackal and a friendly adder.

Vanquished Creatures
  3 adders
  4 worms
  A dart slug (D:1)
  5 leopard geckos
  An orc (D:3)
  11 bats
  3 giant cockroaches
  11 goblins
  8 hobgoblins
  10 jackals
  9 kobolds
  A ball python (D:3)
  3 frilled lizards
  10 rats
80 creatures vanquished.

Vanquished Creatures (collateral kills)
  A gnoll (D:2)
  2 adders
  A worm (D:2)
  An orc (D:3)
5 creatures vanquished.

Grand Total: 85 creatures vanquished

Notes
Turn   | Place    | Note
-------+----------+-------------------------------------------
     0 | D:1      | Coron the Deep Dwarf Transmuter began the quest for the Orb.
     0 | D:1      | Reached XP level 1. HP: 16/16 MP: 3/3
   167 | D:1      | Reached XP level 2. HP: 12/24 MP: 2/4
   437 | D:1      | Reached skill level 1 in Fighting
   655 | D:1      | Reached XP level 3. HP: 17/31 MP: 6/6
   878 | D:2      | Learned a level 2 spell: Sticks to Snakes
  1073 | D:2      | Reached XP level 4. HP: 31/40 MP: 7/7
  2116 | D:3      | Reached skill level 1 in Armour
  2143 | D:3      | Noticed Bigslacks's ghost (amateur OgFi)
  2725 | D:3      | Reached XP level 5. HP: 46/49 MP: 6/8
  2891 | D:3      | Slain by Bigslacks's ghost

Vault maps used:
D:1:      minmay_arrival_plants_in_alcoves, serial_bayou_pond_b
D:2:      first_bread, st_stairs_2

Skill      XL: |  1  2  3  4 |
---------------+-------------+-----
Unarmed Combat | 3 |  3.2
Transmutations | 2 |  2.0
Fighting       | 1 2 3 |  3.0
Spellcasting   | 2 |  2.0
Armour         | 2 |  2.5
Dodging        | |  2.1

Action                   |  1- 3 |  4- 6 || total
-------------------------+-------+-------++-------
Melee: Unarmed           |   142 |       ||   142
       Punch             |     4 |     3 ||     7
       Headbutt          |     7 |    16 ||    23
       Kick              |    18 |    14 ||    32
       Dagger            |    87 |   253 ||   340
 Cast: Beastly Appendage |    25 |    17 ||    42
       Sticks to Snakes  |     2 |     6 ||     8
Evoke: Wand              |     2 |       ||     2
  Use: Scroll            |       |     2 ||     2
       Potion            |       |     1 ||     1
  Eat: Chunk             |     2 |     6 ||     8
       Meat ration       |       |     1 ||     1
Armor: Robe              |    55 |    26 ||    81
       Leather armour    |       |    72 ||    72
Dodge: Dodged            |   147 |   190 ||   337
